AoeStats
← [YOBA] ♂️CUM♂️BACK

Black Forest

510633548Analyzed
2v2 RM · 10h ago on Oct 1, 2026· 26m 53s· 4 players
Game mode
Random Map
Map size
Medium (4 player)
Population
200
Speed
Normal
Resources
Standard
Victory
Conquest
Starting age
Dark Age
Ending age
Imperial Age
RankedLock teamsTeams togetherTeam positionsShared explorationLock speedFull tech treeHidden civsTurbo modeCheats
Victory
Defeat
🇷🇺 Spanish · Russia
1242
+18
1241
+18
🇧🇪 Varangians · Belgium
1301
-18
🇫🇷 Franks · France
1285
-18
[YOBA] ♂️CUM♂️BACK
0:33 Loom
12:03 Feudal Age
15:55 Castle Age
14:01 Stone Mining
14:27 Double-Bit Axe
16:39 Horse Collar
21:14 Bow Saw
25:59 Heavy Plow
[YOBA]Ermak
0:59 Loom
12:16 Feudal Age
12:56 Double-Bit Axe
12:53 Horse Collar
19:09 Castle Age
18:48 Scale Barding Armor
18:53 Forging
18:34 Fletching
19:06 Stone Mining
20:23 Bow Saw
21:24 Fishing Lines
22:13 Fortified Wall
24:06 Heavy Plow
25:43 Chain Barding Armor
27:28 Bloodlines
IneedMoney$
9:55 Feudal Age
14:23 Castle Age
12:48 Double-Bit Axe
13:02 Stone Mining
13:48 Double-Bit Axe
13:54 Gold Mining
23:28 Bow Saw
24:05 Wheelbarrow
26:47 Hand Cart
Sun
7:57 Loom
10:18 Feudal Age
15:38 Castle Age
15:20 Wheelbarrow
21:27 Horse Collar
22:27 Heavy Plow
Connection lost

Rejoining the realm…

Still unreachable

The connection could not be restored.

Session expired

The server has moved on; the page needs a fresh start.